 Dungeon Crawl Stone Soup version 0.14.1-26-g5a19342 (webtiles) character file.

135 Seskara the Skirmisher (level 3, -1/30 HPs)
             Began as a Demonspawn Abyssal Knight on July 24, 2014.
             Was a Believer of Lugonu.
             Killed from afar by Sigmund (4 damage)
             ... with a magic dart
             ... on Level 2 of the Dungeon.
             The game lasted 00:07:49 (1928 turns).

Seskara the Skirmisher (Demonspawn Abyssal Knight)  Turns: 1928, Time: 00:07:50

HP  -1/30        AC 10     Str 13      XL: 3   Next: 82%
MP   3/4         EV  5     Int 13      God: Lugonu [**....]
Gold 75          SH  0     Dex 12      Spells:  0 memorised,  2 levels left

rFire  . . .     SeeInvis .     a - +2,+1 falchion
rCold  . . .     Clarity  .     j - +0 chain mail
rNeg   . . .     Conserve .     (no shield)
rPois  .         rCorr    .     g - +0 helmet
rElec  .         rRot     .     (no cloak)
SustAb . .       Spirit   .     (no gloves)
rMut   .         Warding  .     (no boots)
Saprov . . .     Stasis   .     (no amulet)
MR     .....                    (no ring)
                                (no ring)

@: not resistant to hostile enchantments, extremely unstealthy
A: hooves 1, icy blue scales 1
a: Depart the Abyss, Bend Space, Renounce Religion


You were on level 2 of the Dungeon.
You worshipped Lugonu.
Lugonu was pleased with you.
You were not hungry.

You visited 1 branch of the dungeon, and saw 2 of its levels.
You visited the Abyss 1 time.

You collected 75 gold pieces.

Inventory:

Hand weapons
 a - a +2,+1 falchion (weapon)
 o - a +1,+1 dagger of protection
Missiles
 h - 18 bolts
 n - 11 arrows
 p - 24 darts (quivered)
Armour
 b - a +0 leather armour
 g - a +0 helmet (worn)
 j - a +0 chain mail (worn)
Comestibles
 f - a bread ration
Scrolls
 d - 3 scrolls of enchant weapon I
 i - a scroll of identify
 l - a scroll of enchant weapon II


   Skills:
 + Level 3.9 Fighting
 + Level 2.1 Long Blades
 + Level 0.5 Throwing
 + Level 1.9 Armour
 + Level 1.3 Dodging
 + Level 2.9 Invocations


You had 2 spell levels left.
You didn't know any spells.

Dungeon Overview and Level Annotations

Branches:
Dungeon (2/15)

Altars:

Annotations:
D:2 Sigmund


Innate Abilities, Weirdness & Mutations

You have large cloven feet.
You are partially covered in icy blue scales (AC +1).


Message History

You hear some strange, mumbled words.
The magic dart hits you!
Read which item? (? for menu, Esc to quit)
As you read the scroll labeled SYOSCH LUWE, it crumbles to dust.
It is a scroll of identify.
Identify which item? (\ to view known items) (? for menu, Esc to quit)
l - a scroll of enchant weapon II Something hits you.
Read which item? (? for menu, Esc to quit)
As you read the scroll labeled CUP SMIEBUI, it crumbles to dust.
The creatures around you are filled with an inner flame!
It was a scroll of immolation.
You closely miss something. Something hits you!
* * * LOW HITPOINT WARNING * * *
Use which ability? (? or * to list) Space bends around you!
You blink.
* * * LOW HITPOINT WARNING * * *
You feel slightly more hungry. The magic dart hits you!
You die...

.....(...# ..... #)# ...
......##.# #.#
(........###### ...
..............# #.#
.##....!......# $.#
#.>.........# #.. .
#...........#####.###.#
.#
....###+#....@.........#
.# ###. #)########.###
.# # #.......<....# .#
#.#.####.#.#.# .#####+##
#.#.# #.#.#.#
...........#.#.# #.#.# #
...........#.#.# #.#.#
...........#.#.# #.#.#
...........#.#.. ..#.#


There were no monsters in sight!

Vanquished Creatures
  2 adders (D:2)
  2 giant geckos (D:1)
  4 bats
  7 hobgoblins
  3 jackals (D:2)
  5 giant cockroaches
  9 giant newts (D:2)
  4 goblins
  5 kobolds
  2 rats
43 creatures vanquished.

Notes
Turn   | Place    | Note
--------------------------------------------------------------
     0 | Abyss:1  | Seskara, the Demonspawn Abyssal Knight, began the quest for the Orb.
     0 | Abyss:1  | Reached XP level 1. HP: 18/18 MP: 1/1
    50 | Abyss:1  | Noticed a thrashing horror
    51 | Abyss:1  | Noticed a small abomination
    52 | D:1      | Escaped the Abyss
   523 | D:1      | Reached skill level 1 in Dodging
   654 | D:1      | Gained mutation: You have large cloven feet. [demonic ancestry]
   654 | D:1      | Reached XP level 2. HP: 24/24 MP: 2/2
   962 | D:1      | Acquired Lugonu's first power
  1518 | D:2      | Gained mutation: You are partially covered in icy blue scales (AC +1). [demonic ancestry]
  1518 | D:2      | Reached XP level 3. HP: 28/30 MP: 4/4
  1576 | D:2      | Acquired Lugonu's second power
  1894 | D:2      | Noticed Sigmund
  1928 | D:2      | Killed from afar by Sigmund

Action                   || total
-------------------------++-------
Melee: Falchion          ||   143
Throw: Dart              ||     6
Invok: Depart the Abyss  ||     1
       Bend Space        ||     2
  Use: Scroll            ||     4
       Potion            ||     2
